 Dungeon Crawl Stone Soup version 0.30-a0-571-gdf30a72648 (webtiles) character file.

Game seed: 3180709987646996540

2628 wormed the Skirmisher (level 9, -10/46 HPs)
             Began as a Spriggan Hunter on Dec 30, 2022.
             Was an Initiate of Okawaru.
             Killed from afar by a rime drake (17 damage)
             ... with an icy flash freeze
             ... on level 6 of the Dungeon.
             The game lasted 00:12:02 (7240 turns).

wormed the Skirmisher (Spriggan Hunter)             Turns: 7240, Time: 00:12:03

Health: -10/46     AC:  2    Str:  7    XL:     9   Next: 35%
Magic:  10/10      EV: 24    Int: 13    God:    Okawaru [......]
Gold:   296        SH:  0    Dex: 23    Spells: 8/8 levels left

rFire   . . .      SeeInvis +    a - +0 shortbow
rCold   + . .      Faith    .    (shield currently unavailable)
rNeg    . . .      Spirit   .    c - +0 robe
rPois   +          Reflect  .    (helmet restricted)
rElec   .          Harm     .    x - scarf {+Inv}
rCorr   .          Rampage  .    (gloves unavailable)
Will    +....                    (boots unavailable)
Stlth   +++++                    (no amulet)
HPRegen 0.27/turn                G - ring "Hakk" {rC+ Int+3}
MPRegen 0.12/turn                g - ring of poison resistance

@: very quick
A: very small, no large weapons, unfitting armour, see invisible, speed 3
a: Renounce Religion, Evoke Invisibility


You were on level 6 of the Dungeon.
You worshipped Okawaru.
Okawaru was noncommittal.
You visited 2 branches of the dungeon, and saw 9 of its levels.

You collected 296 gold pieces.

Inventory:

Hand Weapons
 a - a +0 shortbow (weapon)
Missiles
 o - a throwing net
Armour
 c - a +0 robe (worn)
 x - a scarf of invisibility (worn)
Jewellery
 g - a ring of poison resistance (right hand)
 l - a ring of protection from fire
 p - an amulet of reflection
 F - a ring of ice
 G - the ring "Hakk" (left hand) {rC+ Int+3}
   (You took it off Duvessa on level 7 of the Dungeon)

   [ring of protection from cold]

   Int:       It affects your intelligence (+3).
   rC:        It protects you from cold.
Wands
 E - a wand of polymorph (8)
Scrolls
 b - 3 scrolls of immolation
 d - 4 scrolls of poison {unknown}
 h - a scroll of silence {unknown}
 i - 4 scrolls of enchant weapon {unknown}
 s - a scroll of magic mapping {unknown}
 t - a scroll of fear {unknown}
 w - 3 scrolls of vulnerability {unknown}
 y - a scroll of brand weapon {unknown}
 C - 2 scrolls of teleportation {unknown}
 D - a scroll of noise {unknown}
Potions
 f - a potion of magic
 j - 3 potions of might
 k - 4 potions of brilliance
 m - a potion of mutation
 n - 3 potions of invisibility
 q - 2 potions of attraction
 r - 3 potions of heal wounds
 u - 2 potions of degeneration
 z - a potion of flight
 A - a potion of berserk rage
 B - a potion of cancellation


   Skills:
 + Level 4.9 Fighting
 * Level 9.1 Ranged Weapons
 + Level 7.9 Dodging
 + Level 9.0 Stealth


You had 8 spell levels left.
You didn't know any spells.
Your spell library contained the following spells:

 Spells                   Type           Power      Damage    Failure   Level
 Slow                     Hex            0%         N/A       30%         1
 Ensorcelled Hibernation  Hex/Ice        0%         N/A       43%         2
 Passwall                 Tmut/Erth      0%         N/A       43%         2
 Confusing Touch          Hex            0%         N/A       67%         3
 Swiftness                Air            0%         N/A       67%         3
 Vampiric Draining        Necr           0%         2d6       67%         3


Dungeon Overview and Level Annotations

Branches:
Dungeon (8/15)             Temple (1/1) D:7
   Lair: D:8-11

Altars:
Ashenzari
Elyvilon
Fedhas
Gozag
Hepliaklqana
Makhleb
Okawaru
Ru
Trog
Uskayaw
Xom
Yredelemnul
Zin
The Shining One

Shops:
D:3 ((

Annotations:
D:2 Sigmund
D:6 3 runed translucent doors, Crabhammer's ghost, novice BaWr
D:7 Maggie
Temple 2 transporters


Innate Abilities, Weirdness & Mutations

You are very small and have problems with some larger weapons.
You are too small for most types of armour.
You have supernaturally acute eyesight. (SInv)
You cover ground extremely quickly. (Speed+++)


Message History

You see here a +2 dagger of draining.
Crabhammer's ghost turns its malevolent gaze towards you.
You hear an angry buzzing noise.
Crabhammer's ghost says, "Very impressive.
But it won't help.
Nothing will."
The shadow imp grins evilly.
Things that are here:
a +0 scale mail; a +0 hand axe You shoot an arrow.
The hornet buzzes angrily.
The arrow hits the hornet!
The hornet is heavily wounded.
You shoot an arrow. The arrow hits the hornet.
The hornet is heavily wounded.
You shoot an arrow. The arrow misses the hornet.
You shoot an arrow. The arrow hits the hornet.
The hornet is heavily wounded.
The hornet completely misses you.
You shoot an arrow. The arrow hits the hornet.
The hornet is heavily wounded.
The hornet stings you!
You shoot an arrow.
The arrow hits the hornet but does no damage.
The hornet is heavily wounded.
The hornet completely misses you. x2
You shoot an arrow. The arrow closely misses the hornet.
The hornet stings you!
You are too injured to fight recklessly!
You are too injured to fight recklessly!
Aiming: Polymorph
Press: ? - help, Shift-Dir - straight line, f/p - hornet
Aim: a hornet (heavily wounded, will become a rime drake, a steam dragon, or a fire bat, chance to affect: 39%)
The hornet evaporates and reforms as a rime drake!
The rime drake completely misses you. The rime drake breathes ice at you.
The icy flash freeze hits you! You partially resist.
* * * LOW HITPOINT WARNING * * *
You are encased in ice.
The ice encasing you melts away. The rime drake breathes ice at you.
The icy flash freeze hits you! You partially resist.
You die...

.#..### #####.......
y#....######### #.......
.#..#)........### #.......
.#..#########...## #....... .#..#
###..### ###.#### ##..####
###...# #.#
.....>.#######.....#########.####
......[........####.......<.....#
.....##....k....@<..########.#..#
...........#######...#...##....##
####.##.##...k............#.#.##
##.##.########............#.#
##..##..## #............#.#
#..####..## #............#.# #(##
##..# ##.............# #.# ##.#
##>..#...##.### ##.# #.#
###.##.####.#


You could see a rime drake (catching breath).

Vanquished Creatures
  Eustachio (D:5)
  2 water moccasins
  An ice beast (D:5)
  Duvessa (D:7)
  2 ogres
  A black bear (D:6)
  A sky beast (D:7)
  A centaur (D:7)
  2 phantoms
  2 scorpions (D:5)
  A necrophage (D:5)
  7 wights
  Dowan (D:7)
  2 howler monkeys
  4 hounds
  3 orc priests
  3 jellies
  5 iguanas
  7 orc wizards
  10 adders
  4 gnolls (D:3)
  A white imp (D:7)
  An ufetubus (D:4)
  A worm (D:4)
  3 dart slugs
  22 orcs
  6 ball pythons
  4 bats
  11 endoplasms
  4 giant cockroaches
  11 hobgoblins
  8 kobolds
  2 quokkas
  3 frilled lizards
  7 goblins
  7 rats
152 creatures vanquished.

Vanquished Creatures (others)
  An orc (D:7)
  A plant (D:5)
2 creatures vanquished.

Grand Total: 154 creatures vanquished

Notes
Turn   | Place    | Note
-------+----------+-------------------------------------------
     0 | D:1      | wormed the Spriggan Hunter began the quest for the Orb.
     0 | D:1      | Reached XP level 1. HP: 10/10 MP: 2/2
   356 | D:1      | Reached XP level 2. HP: 15/15 MP: 3/3
  1077 | D:2      | Reached XP level 3. HP: 18/18 MP: 4/4
  1591 | D:2      | Noticed Sigmund
  1828 | D:3      | Reached XP level 4. HP: 23/23 MP: 5/5
  1832 | D:3      | Found Kaof's Antique Weapon Shoppe.
  2451 | D:3      | Reached skill level 5 in Ranged Weapons
  2451 | D:3      | Reached XP level 5. HP: 26/26 MP: 6/6
  2509 | D:3      | Found Serrivep's Weapon Boutique.
  2893 | D:4      | Found a shimmering altar of Xom.
  2893 | D:4      | Found a white marble altar of Elyvilon.
  2907 | D:4      | Noticed an ogre
  2948 | D:4      | Killed an ogre
  2949 | D:4      | Reached XP level 6. HP: 32/32 MP: 7/7
  3279 | D:4      | Reached skill level 5 in Stealth
  3656 | D:5      | Entered Level 5 of the Dungeon
  3667 | D:5      | Reached skill level 5 in Dodging
  3667 | D:5      | Reached XP level 7. HP: 30/36 MP: 8/8
  4588 | D:5      | Reached XP level 8. HP: 31/42 MP: 9/9
  5248 | D:6      | Found a runed translucent gate.
  5249 | D:6      | Found a runed translucent gate.
  5270 | D:6      | Noticed Crabhammer's ghost (novice BaWr)
  5313 | D:6      | Found a runed translucent gate.
  5454 | D:6      | Noticed Eustachio
  5690 | D:7      | Noticed Duvessa
  5694 | D:7      | Noticed Dowan
  5884 | D:7      | Noticed Maggie
  6182 | D:6      | Reached XP level 9. HP: 44/46 MP: 10/10
  6205 | D:6      | HP: 1/46 [wight/+1 dagger of electrocution (20)]
  6535 | D:5      | Killed Eustachio
  6663 | D:7      | Found a staircase to the Ecumenical Temple.
  6689 | Temple   | Entered the Ecumenical Temple
  6689 | Temple   | Found a transporter.
  6689 | Temple   | Found a transporter.
  6691 | Temple   | Found a transporter.
  6691 | Temple   | Found a transporter.
  6702 | Temple   | Became a worshipper of Warmaster Okawaru
  6834 | D:7      | Identified the ring "Hakk" {rC+ Int+3}
  6926 | D:7      | Killed Duvessa
  6935 | D:7      | Killed Dowan
  6958 | D:6      | Paralysed by a hornet for 3 turns
  7227 | D:6      | a hornet changed into a rime drake
  7227 | D:6      | Noticed a rime drake
  7240 | D:6      | Killed from afar by a rime drake

Illustrated notes

Levels and vault maps discovered:
D:1:      minmay_arrival_plants_in_alcoves, layout_basic, hex_medium,
          minmay_misc_feat_five
D:2:      layout_loops_corners, grunt_ministairs_2, uniq_sigmund
D:3:      wander_river, layout_loops_ring, serial_shops, shop, shop,
          feat_on_display
D:4:      minmay_skewed_foursquare, layout_rooms,
          gammafunk_temple_overflow_statue
D:5:      layout_rooms, serial_bayou_pond_c
D:6:      layout_rooms, gammafunk_ghost_split, uniq_eustachio
D:7:      layout_cave_pools, nzn_wu_jian_council_hall,
          nicolae_qazlal_eye_of_the_storm, minmay_temple_entry_mist,
          uniq_duvessa, uniq_maggie
D:8:      layout_rooms, grunt_temple_overflow_magic_moments,
          dk_rats_in_the_wall, uniq_amaemon, uniq_erica
Temple:   hellmonk_temple_divided_pantheon

Skill      XL: |  1  2  3  4  5  6  7  8  9 |
---------------+----------------------------+-----
Stealth        | 2 3 4 5 6 8 9 |  9.0
Dodging        | 3 4 5 7 |  7.9
Fighting       | 2 3 4 |  4.9
Ranged Weapons | 5 6 7 8 9 |  9.1

Action                   |  1- 3 |  4- 6 |  7- 9 || total
-------------------------+-------+-------+-------++-------
 Fire: Shortbow          |   109 |   183 |   424 ||   716
Evoke: Wand              |       |       |     1 ||     1
  Use: Scroll            |       |       |    11 ||    11
       Potion            |       |       |     1 ||     1
Armor: Robe              |       |     6 |     7 ||    13
Dodge: Dodged            |    15 |    48 |   229 ||   292

Table legend: (Time is in decaauts)
 A = Elapsed time spent in this place.
 B = Non-inter-level travel time spent in this place.
 C = Inter-level travel time spent in this place.
 D = Time resting spent in this place.
 E = Time spent auto-exploring this place.
 F = Levels seen in this place.
 G = Mean time per level.
                   A        B        C        D        E       F      G
               +--------+--------+--------+--------+--------+-----+--------+
         Total |   5405 |   5082 |    323 |    272 |   3208 |   9 |  600.6 |
       Dungeon |   5387 |   5064 |    323 |    272 |   3208 |   8 |  673.4 |
        Temple |     17 |     17 |      0 |      0 |      0 |   1 |   17.0 |
               +--------+--------+--------+--------+--------+-----+--------+

Top non-repeatable levels by time:
     D:5: 1153 daAuts
     D:6: 998 daAuts
     D:2: 862 daAuts
     D:4: 737 daAuts
     D:1: 665 daAuts
     D:3: 477 daAuts
     D:7: 354 daAuts
     D:8: 137 daAuts
  Temple: 17 daAuts
